cohdb
Replays
Latest Replays
All Replays
Popular Replays
Top Player Replays
Match Explorer
How It Works
Community
CoH3 Stats
Reddit
Sign in to upload your games and track your stats! →
Sign in with Steam
Match 47063658
Unlisted
Match 47063658
Overview
Messages
Build Orders
End
Selects Italian Coastal Battlegroup
Selects Coastal Reserves
Coastal Reserve
Construct Infanterie Kompanie
MG 42 Machine Gun Team
Coastal Reserve
Infanterie Officer Quarters
MG 42 Bunker
Coastal Reserve
MG 42 Bunker
Selects Support Bunkers
Selects Designated Artillery Overwatch
Medical Bunker
Coastal Reserve
Selects Bulwark
Construct Panzergrenadier Kompanie
MG 42 Bunker
GrW 34 Mortar Team
Construct Panzer Kompanie
Side Skirts
Panzer Officer Quarters
Anti-tank Bunker
Selects Artillery Officer
Artillery Officer
Support Elements
Designated Artillery Overwatch
Repair Bunker
Selects Obice da 210/22 Artillery Emplacement
MG 42 Bunker
Artillery Officer
Designated Artillery Overwatch
Coastal Reserve
MG 42 Bunker
Designated Artillery Overwatch
MG 42 Bunker
ŘūέЪłĩ-360
Microsoft Excel
SurpriseImBlack
woof_raff
Friendly Mouse(Poxie)
asd852
0
0
Comments
sign in to comment!
No comments posted yet!